 Dungeon Crawl Stone Soup version 0.27-a0-1188-g73eefd5def (webtiles) character file.

Game seed: 17868112014880057631

49466 experimilk the Arsonist (level 14, -5/80 HPs)
             Began as a Gargoyle Fire Elementalist on May 20, 2021.
             Was an Initiate of Gozag.
             Slain by a minotaur
             ... wielding a staff of fire
              (15 damage)
             ... in a Gauntlet on May 21, 2021.
             The game lasted 01:38:21 (47374 turns).

experimilk the Arsonist (GrFE)                     Turns: 47374, Time: 01:38:21

Health: -5/80      AC: 20    Str: 17      XL:     14   Next: 50%
Magic:  10/36      EV: 13    Int: 18 (20) God:    Gozag
Gold:   4147       SH:  5    Dex: 11      Spells: 18/31 levels left

rFire    . . .     SeeInvis .   u - +6 morningstar
rCold    . . .     Faith    .   (no shield)
rNeg     + + +     Spirit   .   H - +0 leather armour
rPois    ∞         Reflect  +   v - +2 hat {Will+}
rElec    +         Harm     .   g - +0 cloak
rCorr    .         Rampage  .   (no gloves)
Will     ++...     NoTele   +   f - +2 pair of boots {Stlth+}
Stlth    ++++......             C - amulet of reflection
HPRegen  0.23/turn              y - ring of Otza {Wiz rN++ Str+5}
MPRegen  0.25/turn              a - ring of magical power

@: flying, very slightly contaminated, studying Stealth, invisible
A: sickness immunity, AC +10, big wings, negative energy resistance 1,
electricity resistance, torment resistance 1, petrification resistance
a: Renounce Religion, Potion Petition, Call Merchant, Bribe Branch


You were in a Gauntlet.
You worshipped Gozag.
Gozag was most pleased with you.
You visited 3 branches of the dungeon, and saw 18 of its levels.
You also visited: Gauntlet.

You collected 5356 gold pieces.
You spent 252 gold pieces at shops.
You paid 957 gold pieces to Gozag.

Inventory:

Hand Weapons
 q - a +0 morningstar of holy wrath
 u - a +6 morningstar (weapon)
 O - a +6 whip of electrocution
Missiles
 G - a throwing net
Armour
 f - a +2 pair of boots of stealth (worn)
 g - a +0 cloak (worn)
 v - a +2 hat of willpower (worn)
 H - a +0 leather armour (worn)
Jewellery
 a - a ring of magical power (right hand)
 c - a +4 ring of protection
 d - a ring of magical power
 x - a ring of positive energy
 y - the ring of Otza (left hand) {Wiz rN++ Str+5}
   (You found it on level 4 of the Lair of Beasts)

   [ring of wizardry]

   It improves your spell success rate.
   It affects your strength (+5).
   It greatly protects you from negative energy.
 C - an amulet of reflection (around neck)
 F - a +4 ring of evasion
Wands
 D - a wand of mindburst (16)
 E - a wand of paralysis (10)
 I - a wand of acid (10)
 J - a wand of flame (14)
 K - a wand of polymorph (12)
 Q - a wand of iceblast (1)
Scrolls
 b - a scroll of brand weapon {unknown}
 e - 4 scrolls of fog
 i - a scroll of summoning {unknown}
 j - a scroll of magic mapping
 l - a scroll of enchant armour
 p - a scroll of amnesia {unknown}
 r - a scroll of fear {unknown}
 w - 9 scrolls of teleportation
 z - 3 scrolls of immolation
 B - a scroll of vulnerability {unknown}
 M - 2 scrolls of blinking
 R - 2 scrolls of torment
Potions
 h - a potion of curing
 k - 2 potions of might
 m - 3 potions of brilliance
 n - a potion of lignification
 o - 4 potions of ambrosia
 s - 2 potions of cancellation
 t - a potion of magic {unknown}
 N - a potion of attraction {unknown}
 P - a potion of flight {unknown}
 T - a potion of resistance {unknown}
Miscellaneous
 A - a phial of floods (inert)
 L - a condenser vane (inert)


   Skills:
 - Level 6.0 Fighting
 - Level 12.0 Maces & Flails
 - Level 6.0 Armour
 - Level 6.0 Dodging
 - Level 6.0 Stealth
 - Level 9.0 Spellcasting
 - Level 9.0 Conjurations
 * Level 14.4 Fire Magic


You had 18 spell levels left.
You knew the following spells:

 Your Spells              Type           Power      Damage    Failure   Level
a - Foxfire               Conj/Fire      100%       2x1d9     1%          1
b - Sticky Flame          Conj/Fire      50%        2d7       1%          4
c - Fireball              Conj/Fire      25%        3d11      1%          5
d - Mephitic Cloud        Conj/Pois/Air  18%        N/A       3%          3

Your spell library contained the following spells:

 Spells                   Type           Power      Damage    Failure   Level
 Conjure Flame            Conj/Fire      50%        6-21      1%          3
 Ignite Poison            Fire/Tmut/Pois 25%        N/A       1%          3
 Inner Flame              Hex/Fire       34%        N/A       1%          3
 Sting                    Tmut/Pois      32%        1d4       4%          1
 Poisonous Vapours        Pois/Air       16%        N/A       6%          2
 Cause Fear               Hex            4%         N/A       38%         4
 Ice Form                 Ice/Tmut       8%         N/A       38%         4
 Olgreb's Toxic Radiance  Pois           8%         N/A       38%         4
 Summon Ice Beast         Ice/Summ       8%         N/A       38%         4
 Silence                  Hex/Air        4%         N/A       71%         5
 Yara's Violent Unravell  Hex/Tmut       4%         3d4       71%         5
 Freezing Cloud           Conj/Ice/Air   9%         6-21      86%         6
 Simulacrum               Ice/Necr       4%         N/A       99%         6
 Ozocubu's Refrigeration  Ice            4%         4d5       100%        7
 Discord                  Hex            4%         N/A       100%        8


Dungeon Overview and Level Annotations

Branches:
Dungeon (11/15)            Temple (0/1) D:5            Lair (6/6) D:9
 Shoals (0/4) Lair:2        Snake (1/4) Lair:3        Slime (0/5) Lair:6
    Orc (0/2) D:9         Gauntlet (1/1)

Altars:
Cheibriados
Fedhas
Gozag
Hepliaklqana
Kikubaaqudgha
Nemelex Xobeh
Trog
Xom
Beogh

Shops:
D:3 (   D:9 [   Lair:6 ?

Annotations:
D:4 2 transporters, Cheivey's ghost, amateur DsBe
D:7 3 runed translucent doors, Drazool's ghost, novice FoFi
Lair:1 3 runed translucent doors, Ylujecri's ghost, novice HuFi; ZappyNine's ghost, journeyman DjEE
Lair:6 2 runed translucent doors Gauntlet 1 transporter


Innate Abilities, Weirdness & Mutations

You are immune to sickness and miasma.
Your stone body is resilient. (AC +10)
You are immune to poison.
Your large and strong wings let you fly.
You resist negative energy. (rN+)
You are resistant to electric shocks. (rElec)
You are resistant to unholy torment.
You are immune to petrification.


Message History

You strike the helpless minotaur from behind!
You hit the minotaur.
The minotaur is heavily wounded.
The minotaur burns!
The minotaur hits you with a staff of fire!!
The minotaur burns you.
The minotaur gores you but does no damage.
You hit the minotaur but do no damage.
The minotaur is heavily wounded.
The minotaur closely misses you. The minotaur gores you.
Unknown command.
You puncture the minotaur!
The minotaur is severely wounded.
The minotaur burns!
The minotaur misses you. The minotaur gores you.
Unknown command.
You hit the minotaur.
The minotaur is severely wounded.
The minotaur burns!
Unknown command.
You catch the helpless minotaur completely off-guard!
You hit the minotaur.
The minotaur is almost dead.
The minotaur burns!
The minotaur stops burning.
The minotaur hits you with a staff of fire!!
The minotaur burns you!
* * * LOW HITPOINT WARNING * * *
The minotaur gores you!
* * * LOW HITPOINT WARNING * * *
Casting: Sticky Flame (safe; 1% risk of failure)
Confirm with . or Enter, or press ? or * to list all spells.
Aiming: Sticky Flame (safe; 1% risk of failure)
Press: ? - help, Shift-Dir - straight line, f/p - minotaur
Aim: a minotaur, wielding a staff of fire, wearing a +0 plate armour, wearing the amulet of the Four Winds {rN+ Will+++ Clar} and quivering silver javelins (almost dead, 100% to hit)
The sticky flame hits the minotaur but does no damage.
The minotaur is almost dead.
The minotaur is covered in liquid flames!
The minotaur burns!
The minotaur hits you with a staff of fire!
You die...
Your body crumbles into a pile of gold.

######## ####.##... #.
#....##.# ...8.#..#!#
##.##....##.##...#..#$.
#..##.##....##.8.#..#R#☼#
#....##.##......#..#h○○.
##.##....##.##...#..#####
#.######@...##.©.#≈......
###∩...H.##......#∩......
########.##.##.©.#≈......
#..##.##....##...#..#####
##....##.##......#..#....
##.##....##.##.8.#..#.##.
#..##.##....##...#..#.#.#
##....##.##....8.#..#..##
####....##.##...#..#©.#.


You could see a minotaur (burning).

Vanquished Creatures
  Gastronok (Lair:2)
  A stone giant (D:10)
  Snorg (Lair:4)
  3 hydras
  A catoblepas (Gauntlet)
  Erica (Lair:1)
  2 fire crabs
  A glowing orange brain (D:10)
  A wizard (D:10)
  A necromancer (Gauntlet)
  4 oklob plants (Lair:4)
  A manticore (Lair:2)
  10 black mambas
  A torpor snail (Lair:4)
  3 molten gargoyles (Lair:6)
  10 cane toads
  12 elephants
  2 gargoyles (Gauntlet)
  A rime drake (Lair:4)
  6 komodo dragons
  2 trolls
  2 polar bears
  2 hornets
  A slime creature (D:10)
  A wind drake (Lair:2)
  Grinder (D:6)
  18 blink frogs
  8 dream sheep (Lair:6)
  A ynoxinul (Gauntlet)
  3 wraiths
  A vampire (D:6)
  Eustachio (D:5)
  7 wyverns
  38 yaks
  A chaos spawn (Gauntlet)
  9 basilisks
  Menkaure (D:5)
  4 steam dragons
  A neqoxec (Gauntlet)
  Duvessa (D:6)
  13 water moccasins
  3 hell hounds (Lair:6)
  4 black bears (D:6)
  5 orc warriors
  2 ice beasts
  A sky beast (D:6)
  A necrophage (D:4)
  2 ogres (D:5)
  22 wolves
  3 centaurs
  11 bullfrogs
  2 kobold brigands
  3 gnoll sergeants
  2 scorpions
  Dowan (D:6)
  7 killer bees
  8 wights
  2 electric eels (Lair:1)
  5 lava snakes (Lair:6)
  3 centaur zombies
  3 jellies
  6 orc priests
  A bullfrog skeleton (D:7)
  3 centaur skeletons
  2 hounds
  2 iguanas
  12 orc wizards
  2 howler monkey zombies
  19 gnolls
  2 adders
  A white imp (D:7)
  2 ufetubi
  An adder skeleton (D:4)
  A worm (D:2)
  3 dart slugs
  24 orcs
  10 bats
  7 endoplasms
  3 giant cockroaches
  5 goblins
  9 hobgoblins
  6 jackals
  2 quokkas
  6 ball pythons
  3 frilled lizards
  A jackal skeleton (D:4)
  10 kobolds
  A rat (D:2)
  4 bushes
417 creatures vanquished.

Vanquished Creatures (collateral kills)
  3 foxfires (D:6)
3 creatures vanquished.

Vanquished Creatures (others)
  A bush (Lair:6)
  2 demonic plants (Gauntlet)
  611 foxfires
  60 fungi
  72 plants
746 creatures vanquished.

Grand Total: 1166 creatures vanquished

Notes
Turn   | Place    | Note
-------+----------+-------------------------------------------
     0 | D:1      | experimilk the Gargoyle Fire Elementalist began the quest
                  | for the Orb.
     0 | D:1      | Reached XP level 1. HP: 10/10 MP: 3/3
    81 | D:1      | Reached XP level 2. HP: 6/15 MP: 0/5
   987 | D:1      | Reached XP level 3. HP: 15/19 MP: 0/6
  2359 | D:1      | Found a faded altar of an unknown god.
  4249 | D:3      | Reached XP level 4. HP: 24/24 MP: 4/7
  4285 | D:3      | Learned a level 4 spell: Sticky Flame
  4320 | D:3      | Reached skill level 4 in Fire Magic
  4846 | D:3      | Found Janid's Weapon Boutique.
  5722 | D:3      | Reached XP level 5. HP: 26/28 MP: 1/9
  5944 | D:3      | Found an opulent altar of Gozag.
  6202 | D:3      | Became a worshipper of Gozag Ym Sagoz the Greedy
  6375 | D:3      | Learned a level 5 spell: Fireball
  6962 | D:4      | Identified a scroll of acquirement
  6962 | D:4      | Acquired 904 gold pieces
  7536 | D:4      | Reached skill level 5 in Fire Magic
  7536 | D:4      | Reached XP level 6. HP: 32/32 MP: 6/10
  7918 | D:4      | Found a transporter.
  7918 | D:4      | Noticed Cheivey's ghost (amateur DsBe)
  7920 | D:4      | Found a transporter.
  7923 | D:4      | Noticed a necrophage
  8252 | D:4      | Noticed a necrophage
  8266 | D:4      | Killed a necrophage
  8267 | D:4      | Reached skill level 6 in Fire Magic
  8660 | D:5      | Entered Level 5 of the Dungeon
  8973 | D:4      | Reached XP level 7. HP: 11/36 MP: 4/11
 10074 | D:5      | Found a staircase to the Ecumenical Temple.
 10340 | D:5      | Reached skill level 7 in Fire Magic
 10843 | D:5      | Noticed Eustachio
 11394 | D:5      | Noticed Menkaure
 11401 | D:5      | Killed Menkaure
 11402 | D:5      | Reached XP level 8. HP: 38/41 MP: 14/14
 12127 | D:5      | Killed Eustachio
 12128 | D:5      | Reached skill level 5 in Conjurations
 12128 | D:5      | Reached skill level 8 in Fire Magic
 12627 | D:5      | Found a shimmering altar of Xom.
 12627 | D:5      | Found a bloodstained altar of Trog.
 12722 | D:6      | Reached skill level 5 in Spellcasting
 13113 | D:6      | Noticed Grinder
 13113 | D:6      | Paralysed by Grinder for 2 turns
 13122 | D:6      | Killed Grinder
 13123 | D:6      | Reached skill level 9 in Fire Magic
 13123 | D:6      | Reached XP level 9. HP: 44/45 MP: 7/17
 13300 | D:6      | Noticed Dowan
 13302 | D:6      | Noticed Duvessa
 13311 | D:6      | Killed Dowan
 13489 | D:6      | Killed Duvessa
 14367 | D:6      | Found a hazy altar of Hepliaklqana.
 14369 | D:6      | Found a sparkling altar of Nemelex Xobeh.
 14404 | D:6      | Found a blossoming altar of Fedhas.
 14406 | D:6      | Found an ancient bone altar of Kikubaaqudgha.
 15646 | D:7      | Reached skill level 10 in Fire Magic
 15830 | D:7      | Found a runed translucent gate.
 15830 | D:7      | Found a runed translucent gate.
 15831 | D:7      | Found a runed translucent gate.
 15831 | D:7      | Noticed Drazool's ghost (novice FoFi)
 15907 | D:7      | Identified the +2 chain mail of Durable Mirth {rPois rF+
                  | rC- Stlth+}
 16304 | D:7      | Noticed a hornet
 16317 | D:7      | Killed a hornet
 16318 | D:7      | Reached XP level 10. HP: 41/50 MP: 8/20
 16766 | D:8      | Identified the +4 cloak "Ulutum" {Str+3 Dex+6 Slay-5}
 19561 | D:8      | Reached skill level 11 in Fire Magic
 21402 | D:9      | Found a staircase to the Lair.
 21919 | D:9      | Reached XP level 11. HP: 54/54 MP: 11/23
 21966 | D:9      | Reached skill level 12 in Fire Magic
 23020 | D:9      | Found Ciuwonne's Antique Armour Shoppe.
 23076 | D:9      | Found a staircase to the Orcish Mines.
 23303 | D:10     | Entered Level 10 of the Dungeon
 24542 | D:10     | Reached skill level 1 in Maces & Flails
 24920 | D:10     | Noticed a stone giant
 24921 | D:10     | Noticed a glowing orange brain
 25021 | D:10     | Noticed a wizard
 25350 | D:10     | Killed a glowing orange brain
 25758 | D:10     | Killed a wizard
 26076 | D:10     | Killed a stone giant
 26077 | D:10     | Reached skill level 5 in Maces & Flails
 26487 | Lair:1   | Entered Level 1 of the Lair of Beasts
 26846 | Lair:1   | Noticed Erica
 26855 | Lair:1   | Killed Erica
 26856 | Lair:1   | Reached skill level 1 in Fighting
 26856 | Lair:1   | Reached skill level 1 in Armour
 27288 | Lair:1   | Reached XP level 12. HP: 62/62 MP: 5/25
 28232 | Lair:1   | Found a runed translucent gate.
 28233 | Lair:1   | Found a runed translucent gate.
 28233 | Lair:1   | Noticed Ylujecri's ghost (novice HuFi)
 28233 | Lair:1   | Noticed ZappyNine's ghost (journeyman DjEE)
 28234 | Lair:1   | Found a runed translucent gate.
 29094 | Lair:1   | Upgraded the game from 0.27-a0-1186-g8b4daa1eef to
                  | 0.27-a0-1188-g73eefd5def
 29414 | Lair:2   | Found a snail-covered altar of Cheibriados.
 29425 | Lair:2   | Learned a level 3 spell: Mephitic Cloud
 30286 | Lair:2   | Found a staircase to the Shoals.
 30342 | Lair:2   | Reached skill level 5 in Stealth
 31358 | Lair:2   | Noticed Gastronok
 31381 | Lair:2   | Killed Gastronok
 31382 | Lair:2   | Reached skill level 10 in Maces & Flails
 32187 | Lair:3   | Reached skill level 5 in Armour
 32188 | Lair:3   | Found a staircase to the Snake Pit.
 32563 | Lair:3   | Reached XP level 13. HP: 50/68 MP: 26/26
 34141 | Snake:1  | Entered Level 1 of the Snake Pit
 35145 | Lair:4   | Noticed Snorg
 35158 | Lair:4   | Killed Snorg
 36424 | Lair:4   | Identified the ring of Otza {Wiz rN++ Str+5}
 36533 | Lair:4   | Found a runed translucent door.
 37137 | Lair:4   | Noticed an entropy weaver
 39308 | Lair:5   | Reached skill level 5 in Fighting
 40934 | Lair:5   | Reached skill level 13 in Fire Magic
 41178 | Lair:6   | Entered Level 6 of the Lair of Beasts
 41266 | Lair:6   | Found a staircase to the Slime Pits.
 41752 | Lair:6   | Gained mutation: Your large and strong wings let you fly.
                  | [Gargoyle growth]
 41752 | Lair:6   | Reached XP level 14. HP: 73/78 MP: 23/27
 42735 | Lair:6   | Reached skill level 5 in Dodging
 43523 | Lair:6   | Bought a scroll of teleportation for 42 gold pieces
 43523 | Lair:6   | Bought a scroll of torment for 105 gold pieces
 43523 | Lair:6   | Bought a scroll of blinking for 105 gold pieces
 43868 | Lair:6   | Found a large runed translucent door.
 43868 | Lair:6   | Found a large runed translucent door.
 44385 | Lair:6   | Reached skill level 14 in Fire Magic
 46802 | D:11     | Found a gate leading to a gauntlet.
 46815 | Gauntlet | Entered a Gauntlet
 46815 | Gauntlet | Found a transporter.
 46815 | Gauntlet | Found a transporter.
 46825 | Gauntlet | Found a transporter.
 46826 | Gauntlet | Found a transporter.
 46851 | Gauntlet | Found a transporter.
 46851 | Gauntlet | Found a transporter.
 47019 | Gauntlet | Found a transporter.
 47100 | Gauntlet | Found a transporter.
 47124 | Gauntlet | Found a transporter.
 47374 | Gauntlet | Slain by a minotaur

Illustrated notes

Levels and vault maps discovered:
D:1:      arrival_zaba_pyramid, layout_loops_corners,
          shapermc_ecumenical_altar_hornbeckon
D:2:      layout_rooms
D:3:      minmay_general_purpose_star, layout_basic, nicolae_gozag_seed_capital,
          serial_shops, nicolae_shop_crystal
D:4:      layout_gridville, gammafunk_ghost_arena
D:5:      layout_basic, gammafunk_temple_overflow_elements,
          minmay_temple_entry_stoned_glass, uniq_edmund, uniq_menkaure,
          uniq_eustachio
D:6:      layout_basic, grunt_temple_overflow_growth_and_decay,
          nicolae_overflow_hidden_temple, serial_co_window_serial,
          co_window_paths_b, co_window_corner_a, co_window_corner_a,
          co_window_paths_b, co_window_paths_a, co_window_cross_2,
          co_window_corner_cb, co_window_broadway_a, co_window_paths_c,
          co_window_unsneaky_path_a, co_window_corner_ca, co_window_broadway_b,
          co_window_4corner_b, glass_columns_b, glass_columns_b,
          glass_columns_a, glass_columns_a, minivault_5, uniq_duvessa,
          uniq_grinder
D:7:      layout_basic, biasface_ghost_orc_armoury
D:8:      kennysheep_steamy, layout_loops_corners, serial_aquarium,
          aquarium_bridge_straight [aquarium_subvault_bridge,
          aquarium_subvault_wall, aquarium_subvault_bridge,
          aquarium_subvault_wall], aquarium_window_fake,
          aquarium_window_corridor_3, aquarium_window_1, aquarium_view_2e,
          aquarium_view_2f, aquarium_balcony_1b, aquarium_pool_corner
D:9:      layout_irregular_city, erik_lair_dragon, orc_0_dummy, serial_shops,
          shop
D:10:     layout_stronghold, st_stairs_7, wad_scary_box
D:11:     layout_roguey, gauntlet_entry_generic, uniq_urug, uniq_nergalle
Lair:1:   layout_chaotic_city, gammafunk_ghost_cemetery, serial_bayou_shore_b,
          serial_bayou_shore_a, uniq_erica
Lair:2:   layout_chaotic_city, minmay_shoals_entry_beasts, basic_altar,
          grunt_forest_stairs_basic, uniq_gastronok
Lair:3:   layout_chaotic_city, dummy_snake_entry
Lair:4:   gammafunk_mikee_crab_dinner, layout_small_grid, minivault_25,
          lookout_lair_type, minmay_lair_oklob_chamber, uniq_snorg
Lair:5:   layout_misc_corridors, wad_woods_river_04
Lair:6:   cheibrodos_lair_end_hotspot, layout_misc_corridors,
          dpeg_slime_entry_corner, st_stairs_4
Snake:1:  layout_misc_corridors, serial_bayou, serial_bayou_shore_b,
          serial_bayou_pond_d, serial_bayou_ford_a, serial_bayou_lagoon_a
Gauntlet: gammafunk_gauntlet_shortcut [gammafunk_gauntlet_arena_hedges,
          gammafunk_gauntlet_arena_grid, gammafunk_gauntlet_arena_teeth,
          nicolae_gauntlet_arena_x, gammafunk_gauntlet_arena_mazey,
          gammafunk_gauntlet_arena_corners, gauntlet_exit_green]

Skill      XL: |  1  2  3  4  5  6  7  8  9 10 11 12 13 14 |
---------------+-------------------------------------------+-----
Conjurations   | 2 3 4 6 7 8 9 |  9.0
Fire Magic     | 4 5 6 7 9 10 11 12 13 14 | 14.4
Spellcasting   | 3 4 5 6 8 9 |  9.0
Stealth        | 3 6 |  6.0
Maces & Flails | 6 10 12 | 12.0
Dodging        | 3 4 6 |  6.0
Fighting       | 2 3 5 6 |  6.0
Armour         | 2 5 6 |  6.0

Action                   |  1- 3 |  4- 6 |  7- 9 | 10-12 | 13-15 || total
-------------------------+-------+-------+-------+-------+-------++-------
Melee: Unarmed           |     6 |       |       |       |       ||     6
       Short sword       |    24 |       |       |       |       ||    24
       Dagger            |     1 |       |       |       |       ||     1
       Morningstar       |       |    47 |    72 |   213 |   161 ||   493
 Cast: Foxfire           |    61 |   101 |   151 |    52 |       ||   365
       Sticky Flame      |       |       |    18 |    68 |    52 ||   138
       Fireball          |       |       |     3 |   125 |   179 ||   307
Invok: Potion Petition   |       |       |       |     1 |       ||     1
       Call Merchant     |       |       |       |       |     1 ||     1
Evoke: Wand              |       |       |       |       |    14 ||    14
       Phial of floods   |       |       |       |       |     1 ||     1
       Condenser vane    |       |       |       |       |     1 ||     1
  Use: Scroll            |     1 |     6 |     2 |     4 |    10 ||    23
       Potion            |       |       |       |     3 |     7 ||    10
 Stab: Sleeping          |       |       |     2 |     3 |       ||     5
       Invisible         |       |       |       |       |     2 ||     2
Armor: Robe              |    23 |    45 |    80 |    72 |       ||   220
       Leather armour    |       |       |       |   161 |   102 ||   263
Dodge: Dodged            |    35 |    53 |   138 |   232 |   142 ||   600
Block: Other             |       |       |    17 |   110 |    36 ||   163
       Reflection        |       |       |       |     2 |     1 ||     3

Table legend: (Time is in decaauts)
 A = Elapsed time spent in this place.
 B = Non-inter-level travel time spent in this place.
 C = Inter-level travel time spent in this place.
 D = Time resting spent in this place.
 E = Time spent auto-exploring this place.
 F = Levels seen in this place.
 G = Mean time per level.
                   A        B        C        D        E       F      G
               +--------+--------+--------+--------+--------+-----+--------+
         Total |  47550 |  46128 |   1422 |  28791 |   7965 |  19 | 2502.6 |
       Dungeon |  26805 |  25803 |   1002 |  15660 |   5888 |  11 | 2436.8 |
          Lair |  20185 |  19765 |    420 |  12792 |   2076 |   6 | 3364.2 |
     Snake Pit |      1 |      1 |      0 |      0 |      0 |   1 |    1.0 |
      Gauntlet |    557 |    557 |      0 |    338 |      0 |   1 |  557.0 |
               +--------+--------+--------+--------+--------+-----+--------+

Top non-repeatable levels by time:
  Lair:4: 5467 daAuts
  Lair:6: 4668 daAuts
     D:8: 3764 daAuts
     D:1: 3485 daAuts
    D:10: 3144 daAuts
     D:4: 3023 daAuts
  Lair:1: 2981 daAuts
     D:9: 2956 daAuts
     D:3: 2798 daAuts
  Lair:2: 2720 daAuts
     D:5: 2652 daAuts
  Lair:5: 2266 daAuts
     D:6: 2231 daAuts
  Lair:3: 2081 daAuts
     D:7: 1897 daAuts
